 Dungeon Crawl Stone Soup version 0.25.1-9-gc5326a611f (webtiles) character file.

Game seed: 17650045290584029414

21 sahdkjhfkaj the Shooter (level 2, -4/26 HPs)
             Began as a Centaur Hunter on Dec 27, 2020.
             Killed by nerve-wracking pain
             ... invoked by Jessica
              (9 damage)
             ... on level 1 of the Dungeon.
             The game lasted 00:00:52 (904 turns).

sahdkjhfkaj the Shooter (Centaur Hunter)             Turns: 904, Time: 00:00:52

Health: -4/26      AC:  4    Str: 14    XL:     2   Next: 62%
Magic:  2/2        EV:  9    Int: 10    God:
Gold:   38         SH:  0    Dex:  9    Spells: 1/1 levels left

rFire    . . .     SeeInvis .   a - +1 shortbow
rCold    . . .     Gourm    .   (shield currently unavailable)
rNeg     . . .     Faith    .   c - +0 leather armour
rPois    .         Spirit   .   (no helmet)
rElec    .         Reflect  .   (no cloak)
rCorr    .         Harm     .   (no gloves)
MR       .....                  (no barding)
Stlth    +.........             (no amulet)
HPRegen  0.08/turn              (no ring)
MPRegen  0.08/turn              (no ring)

@: slowed
A: large, hooves 3, deformed body, speed 2, tough skin 3
a: no special abilities


You were on level 1 of the Dungeon.
You were not hungry.

You visited 1 branch of the dungeon, and saw 2 of its levels.

You collected 38 gold pieces.

Inventory:

Hand Weapons
 a - a +1 shortbow (weapon)
 b - a +0 short sword
Missiles
 d - 37 arrows (quivered)
Armour
 c - a +0 leather armour (worn)
Scrolls
 e - a scroll of teleportation {unknown}
 g - a scroll of fog {unknown}
 h - 4 scrolls of remove curse
 i - a scroll of magic mapping {unknown}
 j - a scroll of identify {unknown}
 k - a scroll of enchant armour {unknown}
Comestibles
 f - a ration


   Skills:
 + Level 3.2 Fighting
 - Level 5.3 Bows
 - Level 1.3 Dodging
 - Level 0.4 Stealth


You had one spell level left.
You didn't know any spells.
Your spell library was empty.

Dungeon Overview and Level Annotations

Branches:
Dungeon (2/15)

Altars:

Annotations:
D:1 Jessica


Innate Abilities, Weirdness & Mutations

You have hooves in place of feet.
Armour fits poorly on your strangely shaped body.
You cover ground very quickly.
You have extremely tough skin. (AC +3)


Message History

Jessica hits you with a +0 dagger.
Firing (i - inventory)
d - 39 arrows (quivered)
Press: ? - help, Shift-Dir - straight line, f - Jessica
Aim: Jessica, wielding a +0 dagger and wearing a +1 robe of magic resistance (fast)
You shoot an arrow.
The arrow hits Jessica but does no damage.
The jackal misses you. Jessica misses you. The jackal bites you.
* * * LOW HITPOINT WARNING * * *
Jessica hits you but does no damage.
Unknown command.
Unknown command.
Firing (i - inventory)
d - 38 arrows (quivered)
Press: ? - help, Shift-Dir - straight line, f/p - Jessica
Aim: Jessica, wielding a +0 dagger and wearing a +1 robe of magic resistance (fast)
You shoot an arrow. The arrow hits Jessica.
Jessica is severely wounded.
The jackal bites you but does no damage.
Jessica points at you and mumbles some strange words.
Pain shoots through your body!
You die...

##############...#
.................#
#########..###...#########
..†....##................########
#####...##.#######.#####.##......
##.......#######.# #.##.##'#.
#................## #.##.##.##
####...))#####.##@..####.##.#...#
#.....).........@h..........#...#
#.####.#.#######............#...#
..# #.#.# #.####.##...##...# ###
#.#.# #.# #.######..⌠.. # #.#.#
#.# #.##......... # #.#.# #.#
#.'.....⌠.<.⌠ # #.#.# #.#
#.##......... #
#.#.#######.####.######..⌠.. #
#.#..............# ###...#


You could see Jessica (fast) and a jackal.

Vanquished Creatures
  A ball python (D:1)
  A giant cockroach (D:1)
  2 goblins (D:1)
  2 hobgoblins (D:1)
  4 jackals
  2 kobolds (D:1)
  3 bats (D:1)
  2 frilled lizards (D:1)
  A rat (D:1)
18 creatures vanquished.

Notes
Turn   | Place    | Note
-------+----------+-------------------------------------------
     0 | D:1      | sahdkjhfkaj the Centaur Hunter began the quest for the Orb.
     0 | D:1      | Reached XP level 1. HP: 17/17 MP: 1/1
   377 | D:1      | Reached XP level 2. HP: 25/25 MP: 2/2
   893 | D:2      | Noticed Jessica
   904 | D:1      | Killed from afar by Jessica

Illustrated notes

Levels and vault maps discovered:
D:1:      evilmike_arrival_plus, layout_loops_ring, dk_noncrumbling_3
D:2:      lemuel_upstairs_altar, layout_rooms, elyvilon_altar_1,
          minmay_nonomino_d4, uniq_jessica

Skill      XL: |  1  2 |
---------------+-------+-----
Fighting       | 3 |  3.2
Bows           | |  5.3
Dodging        | |  1.3
Stealth        | |  0.4

Action                   || total
-------------------------++-------
Melee: Short sword       ||    62
       Kick              ||     9
 Fire: Shortbow          ||     2
  Use: Scroll            ||     1
Armor: Leather armour    ||    30
Dodge: Dodged            ||    33
